Map: Акрополь РВ

Players

Encelad - Winner!

  • Race: Terran Terran
  • League: Gold
  • Spawn Location: 5:00

Lars

  • Race: Terran Terran
  • League: Diamond
  • Spawn Location: 11:00

VOD

Have the link to the VOD?

Description

Time

  • Played on: June 29, 2019, 3:38 p.m.
  • Length: 19:03
Show
View Real Time Build Order
Export as new Build Order

Encelad Terran - Winner!

Build Orders: Mech 

Get SALT Encoding   

  12  0:38  Command Center  
  12  0:55  SCV  
  13  1:07  SCV  
  14  1:13  Supply Depot  
  14  1:19  SCV  
  15  1:35  Barracks  
  15  1:47  SCV  
  16  2:07  Barracks  
  15  2:22  Marine  
  16  2:25  Orbital Command  
  16  2:26  Orbital Command  
  16  2:42  Marine  
  15  3:00  Marine x2  
  15  3:01  SCV  
  18  3:14  SCV  
  18  3:18  Marine  
  20  3:22  SCV  
  20  3:26  SCV  
  22  3:30  Refinery x2  
  22  3:34  SCV  
  22  3:36  Marine  
  22  3:38  SCV  
  25  3:47  SCV  
  26  3:50  SCV  
  26  3:54  Marine  
  28  3:59  SCV  
  28  4:02  SCV  
  30  4:12  Marine  
  30  4:15  SCV  
  32  4:18  Refinery, SCV  
  32  4:19  Refinery  
  33  4:27  SCV  
  33  4:30  SCV  
  35  4:31  Supply Depot  
  35  4:33  Command Center  
  35  4:35  Supply Depot  
  35  4:39  SCV  
  35  4:42  SCV  
  37  4:50  Factory, Barracks Tech Lab  
  37  4:53  Factory  
  37  4:54  SCV  
  37  4:59  SCV  
  39  5:06  SCV  
  37  5:11  SCV  
  36  5:18  SCV  
  37  5:23  SCV  
  37  5:25  Barracks Tech Lab  
  38  5:30  SCV  
  38  5:32  Supply Depot  
  39  5:42  Siege Tank, SCV  
  43  5:50  Factory  
  43  5:52  Siege Tank, Barracks Reactor  
  43  5:53  SCV  
  43  5:54  Engineering Bay  
  47  5:59  Armory  
  47  6:01  Armory  
  47  6:02  SCV  
  49  6:05  Supply Depot, SCV, Orbital Command  
  49  6:14  SCV  
  50  6:19  Siege Tank  
  50  6:20  Mag-Field Accelerator  
  50  6:24  Siege Tank  
  56  6:26  Missile Turret, SCV  
  57  6:36  Missile Turret  
  57  6:38  SCV  
  56  6:41  Hellion x2  
  60  6:48  SCV  
  60  6:50  Marine  
  60  6:51  Cyclone  
  60  6:53  Terran Vehicle And Ship Armor Level 1, Terran Vehicle Weapons Level 1  
  65  7:00  Supply Depot, SCV  
  66  7:06  Hi-Sec Auto Tracking  
  66  7:07  Marine  
  67  7:12  Missile Turret, SCV x2  
  67  7:13  Missile Turret  
  69  7:16  Refinery  
  69  7:18  Refinery  
  69  7:23  Supply Depot  
  69  7:24  SCV x2  
  71  7:36  SCV  
  69  7:43  Siege Tank, Cyclone  
  69  7:44  Hellion  
  73  7:45  Hellion, Marine  
  76  7:57  Factory  
  76  8:00  Factory, Drilling Claws  
  76  8:02  Missile Turret  
  76  8:03  Marine  
  76  8:04  SCV  
  76  8:05  Hellion, SCV  
  81  8:11  Hellion  
  83  8:15  Cyclone x2  
  83  8:16  SCV  
  83  8:17  SCV  
  91  8:26  Hellion  
  93  8:28  SCV  
  93  8:29  SCV  
  93  8:32  Hellion  
  97  8:35  Missile Turret  
  97  8:36  Missile Turret  
  97  8:37  Missile Turret  
  97  8:38  Missile Turret  
  97  8:40  SCV  
  98  8:41  SCV  
  98  8:52  SCV  
  98  8:53  SCV  
  98  8:54  Cyclone x2  
  90  8:57  Marine  
  90  8:59  Marine  
  90  9:01  Starport  
  91  9:04  SCV, Terran Vehicle Weapons Level 2, Terran Ship Weapons Level 1  
  91  9:06  Starport  
  85  9:10  SCV  
  85  9:15  Marine  
  85  9:16  Missile Turret, Marine  
  88  9:17  Missile Turret x2  
  85  9:26  Cyclone x2  
  91  9:32  Marine  
  91  9:34  Marine  
  91  9:38  Viking  
  93  9:43  Orbital Command  
  91  9:46  Hellion x2  
  91  9:50  Marine  
  91  9:52  Marine  
  97  9:54  Viking  
  97  9:58  Cyclone  
  100  10:02  Cyclone  
  100  10:08  Supply Depot x3  
  100  10:10  Marine  
  101  10:29  Hellion  
  107  10:39  Missile Turret  
  107  10:41  Missile Turret  
  107  10:46  Missile Turret  
  107  10:49  Supply Depot, Starport Reactor x2  
  103  10:50  Cyclone x2  
  103  10:51  Hellion x2  
  113  11:07  Refinery, Command Center  
  113  11:09  Refinery  
  113  11:12  Hellion  
  113  11:13  Supply Depot  
  113  11:16  Terran Ship Weapons Level 2  
  115  11:20  Terran Vehicle And Ship Armor Level 2  
  115  11:22  Cyclone  
  115  11:23  Cyclone  
  120  11:26  Viking x2  
  124  11:48  SCV  
  124  11:51  Viking x2  
  124  11:53  Hellion  
  131  11:54  Hellion  
  133  12:08  Starport  
  133  12:14  Supply Depot  
  133  12:15  Supply Depot x2  
  133  12:16  Supply Depot  
  133  12:19  Cyclone x2, SCV  
  140  12:40  Supply Depot  
  140  12:41  Viking x2  
  144  12:44  Viking x2  
  144  12:57  Cyclone x2, Hellion x2  
  125  13:14  Viking  
  127  13:19  Hellion x2  
  127  13:29  Cyclone x2  
  127  13:33  Terran Vehicle Weapons Level 3  
  127  13:40  Hellion x2  
  127  14:01  Cyclone x2  
Show
View Real Time Build Order
Export as new Build Order

Lars Terran 

Build Orders:  

Get SALT Encoding   

  12  0:01  SCV  
  13  0:13  SCV  
  14  0:17  Supply Depot  
  14  0:25  SCV  
  15  0:39  SCV  
  15  0:41  Barracks  
  16  0:47  Refinery  
  16  0:51  SCV  
  17  1:03  SCV  
  18  1:15  SCV  
  19  1:27  SCV  
  20  1:33  Reaper  
  21  1:40  Command Center  
  21  1:46  Refinery  
  21  1:47  SCV  
  22  2:05  SCV  
  23  2:22  Barracks Tech Lab  
  23  2:34  Orbital Command  
  23  2:35  Supply Depot  
  23  2:45  Factory  
  23  2:51  Marine  
  24  3:30  Marauder  
  24  3:31  Concussive Shells  
  24  3:33  Factory Tech Lab  
  26  3:40  Starport  
  26  3:42  Starport  
  26  4:04  Siege Tank  
  26  4:05  Marine  
  29  4:18  Starport Reactor  
  29  4:19  Starport Tech Lab  
  29  4:26  Fusion Core  
  29  4:30  Orbital Command  
  29  4:31  SCV  
  30  4:43  SCV, Marauder  
  33  4:49  Viking  
  35  4:55  SCV  
  36  5:02  Barracks  
  36  5:04  Barracks x2  
  35  5:07  Barracks  
  34  5:17  SCV x2  
  36  5:29  SCV x2  
  36  5:32  Siege Tank, Marine  
  42  5:41  SCV x2  
  44  5:45  Medivac  
  46  5:51  Refinery  
  46  5:52  Refinery  
  46  6:08  Marine x4  
  46  6:09  Siege Tank, SCV  
  54  6:22  Supply Depot  
  54  6:23  Supply Depot  
  54  6:32  Barracks Reactor  
  54  6:33  Barracks Reactor  
  54  6:44  Medivac, Marine x2  
  54  6:45  Supply Depot  
  58  6:47  Supply Depot  
  50  7:09  Siege Tank  
  50  7:10  Viking  
  50  7:11  Liberator  
  50  7:12  Battlecruiser, Marine  
  50  7:13  Marine x6  
  71  7:30  Marine  
  71  7:31  Marine  
  64  7:57  SCV x2  
  66  8:08  Command Center  
  66  8:09  SCV x2  
  66  8:10  Weapon Refit  
  41  9:07  Siege Tank  
  44  9:10  Battlecruiser  
  44  9:11  Viking x2  
  44  9:13  Marine x2, Marauder  
  44  9:14  Marine x4  
  62  9:31  Marine x2  
  62  9:32  Marine  
  65  9:48  Siege Tank  
  65  9:50  Marine x7  
  60  10:08  Marine x3  
  60  10:12  Marine  
  60  10:13  Marine x3  
  58  10:18  Combat Shield  
  58  10:39  Command Center  
  58  10:44  Barracks Reactor, Marine x2  
  58  10:45  Marine x2  
  58  10:46  Barracks Reactor  
  58  10:48  Siege Tank  
  65  10:52  Battlecruiser  
  71  10:58  SCV x2  
  73  11:34  Siege Tank  
  76  11:52  Orbital Command  
  76  11:54  SCV x2  
  76  11:55  Marine  
  76  11:56  Marine x5  
  76  11:57  Marine x2  
  76  11:58  Marine  
  87  12:06  SCV  
  87  12:07  Engineering Bay  
  82  12:09  Engineering Bay  
  82  12:37  Marine  
  82  12:38  Marine x8  
  82  12:40  Siege Tank  
  82  12:41  Viking x3  
  91  12:55  Marine  
  65  13:01  Marine  
  65  13:02  Marine x7  
  41  13:13  Marine  
  38  13:19  Marine x3  
Tags
 
Composition
Mech
Matchup
ТvТ
Spawn Locations
Cross Positions
Add a new tag
Caveats
  • Supply blocks, unpowered buildings, or Contaminate may cause inaccurate times.
  • Supply counts are checked every 10 seconds.